 Dungeon Crawl Stone Soup version 0.26.0-16-gc1dbca0489 (webtiles) character file.

Game seed: 17200824160753135077

205 Morgon the Ducker (level 5, -5/29 HPs)
             Began as a Spriggan Fighter on Jan 21, 2021.
             Shot with an arrow by a centaur (8 damage)
             ... on level 4 of the Dungeon.
             The game lasted 00:13:18 (3566 turns).

Morgon the Ducker (Spriggan Fighter)                Turns: 3566, Time: 00:13:19

Health: -5/29      AC:  2    Str: 12    XL:     5   Next: 53%
Magic:  6/6        EV: 25    Int: 10    God:
Gold:   184        SH:  0    Dex: 22    Spells: 4/4 levels left

rFire    . . .     SeeInvis +   v - +1 dagger (venom)
rCold    . . .     Faith    .   (shield restricted)
rNeg     . . .     Spirit   .   e - +0 robe
rPois    +         Reflect  .   (helmet restricted)
rElec    .         Harm     .   (no cloak)
rCorr    .         Rampage  .   (gloves unavailable)
Will     .....                  (boots unavailable)
Stlth    ++........             (no amulet)
HPRegen  0.09/turn              p - ring of poison resistance
MPRegen  0.10/turn              y - +6 ring of dexterity

@: very quick
A: very small, unfitting armour, see invisible, speed 3
a: no special abilities


You were on level 4 of the Dungeon.
You visited 1 branch of the dungeon, and saw 4 of its levels.

You collected 184 gold pieces.

Inventory:

Hand Weapons
 a - a +0 long sword
 b - a +0 dagger of pain
 v - a +1 dagger of venom (weapon)
Missiles
 g - 13 poisoned darts (quivered)
 m - 82 sling bullets
Armour
 c - a +0 buckler
 e - a +0 robe (worn)
Jewellery
 p - a ring of poison resistance (left hand)
 t - an uncursed ring of fire
 y - a +6 ring of dexterity (right hand)
Scrolls
 h - 2 scrolls of amnesia
 i - a scroll of remove curse
 j - 8 scrolls of identify
 l - a scroll of enchant armour {unknown}
 n - a scroll of fear {unknown}
 o - a scroll of fog {unknown}
 q - 2 scrolls of noise {unknown}
 u - a scroll of magic mapping {unknown}
 w - a scroll of immolation {unknown}
Potions
 d - a potion of might
 f - a potion of brilliance {unknown}
 k - a potion of curing {unknown}
 r - a potion of berserk rage {unknown}
 s - a potion of haste {unknown}
 x - a potion of flight {unknown}
 z - a potion of cancellation {unknown}
 A - a potion of ambrosia {unknown}


   Skills:
 + Level 3.6 Fighting
 + Level 2.1 Long Blades
 + Level 7.3 Dodging
 - Level 2.1 Shields


You had 4 spell levels left.
You didn't know any spells.
Your spell library was empty.

Dungeon Overview and Level Annotations

Branches:
Dungeon (4/15)
 Temple: D:4-7

Altars:
Nemelex Xobeh


Innate Abilities, Weirdness & Mutations

You are very small and have problems with some larger weapons.
You are too small for most types of armour.
You have supernaturally acute eyesight. (SInv)
You cover ground extremely quickly.


Message History

The jackal moves out of view.
You hit the centaur.
The centaur is lightly wounded.
The centaur hits you!
You hit the centaur.
The centaur is poisoned.
The centaur is lightly wounded.
The centaur barely misses you.
You hit the centaur.
The centaur is heavily wounded.
The jackal closely misses you. The centaur hits you!
* * * LOW HITPOINT WARNING * * *
The centaur completely misses you. The jackal misses you.
You hit the centaur.
The centaur looks as sick as possible!
The centaur is heavily wounded.
The centaur hits you.
* * * LOW HITPOINT WARNING * * *
The jackal misses you. The jackal completely misses you.
The centaur wields a +0 shortbow.
The centaur shoots an arrow.
The arrow hits you!
You die...

.## ..# ..# . #h#
..######.# .......h.# ...
#.....hh.#+## ...
#.....c.@..(###..
#...........+....
###########.(..##..
#..............##.#
#..............##.######.
#...........#....<.......
#...........#.##.....###.
#...........#.##.....#
#...........#.##.....#


You could see a centaur (extremely poisoned) and 4 jackals.

Vanquished Creatures
  A hound (D:4)
  A worker ant (D:4)
  5 adders
  An ooze (D:3)
  2 worms
  2 dart slugs
  3 leopard geckos
  7 orcs
  11 bats
  2 giant cockroaches
  8 goblins
  11 hobgoblins
  3 jackals (D:3)
  9 kobolds
  2 quokkas (D:3)
  5 frilled lizards
  11 rats
84 creatures vanquished.

Notes
Turn   | Place    | Note
-------+----------+-------------------------------------------
     0 | D:1      | Morgon the Spriggan Fighter began the quest for the Orb.
     0 | D:1      | Reached XP level 1. HP: 11/11 MP: 2/2
   331 | D:1      | Reached XP level 2. HP: 9/16 MP: 3/3
   491 | D:1      | Reached skill level 5 in Dodging
   953 | D:1      | Reached XP level 3. HP: 15/19 MP: 4/4
  1599 | D:2      | Reached skill level 6 in Dodging
  1599 | D:2      | Reached XP level 4. HP: 8/24 MP: 5/5
  2559 | D:3      | Reached XP level 5. HP: 28/28 MP: 6/6
  2565 | D:3      | Found a sparkling altar of Nemelex Xobeh.
  3356 | D:4      | Reached skill level 7 in Dodging
  3557 | D:4      | Noticed a centaur
  3566 | D:4      | Shot with an arrow by a centaur

Illustrated notes

Levels and vault maps discovered:
D:1:      dpeg_arrival_rooms_b, layout_loops_ring, minmay_vboxes
D:2:      layout_rooms, grunt_decor_one_mirror
D:3:      layout_basic, nemelex_xobeh_ov_fountains_minmay, small_statue_alley_b
D:4:      layout_basic

Skill      XL: |  1  2  3  4  5 |
---------------+----------------+-----
Dodging        | 5 6 7 |  7.3
Fighting       | 3 |  3.6
Long Blades    | 2 |  2.1
Shields        | |  2.1

Action                   |  1- 3 |  4- 6 || total
-------------------------+-------+-------++-------
Melee: Dagger            |   111 |   143 ||   254
  Use: Scroll            |     3 |     1 ||     4
 Stab: Sleeping          |       |     3 ||     3
Armor: Robe              |     9 |     8 ||    17
Dodge: Dodged            |    78 |   111 ||   189
